 Dungeon Crawl Stone Soup version 0.28-a0-724-g66f9036eb4 (webtiles) character file.

Game seed: 4377549684982715351

573 bande the Chopper (level 7, 0/44 HPs)
             Began as a Gargoyle Fighter on Oct 26, 2021.
             Killed by divine providence
             ... invoked by an orc priest
              (17 damage)
             ... on level 3 of the Dungeon.
             The game lasted 00:05:17 (2067 turns).

bande the Chopper (Gargoyle Fighter)                Turns: 2067, Time: 00:05:18

Health: 0/44       AC: 17    Str: 21    XL:     7   Next: 34%
Magic:  7/7        EV:  7    Int: 16    God:
Gold:   114        SH:  4    Dex: 10    Spells: 6/6 levels left

rFire   . . .      SeeInvis .   a - +0 war axe
rCold   + . .      Faith    +   c - +0 buckler
rNeg    + . .      Spirit   .   i - +0 chain mail
rPois   ∞          Reflect  .   j - +2 helmet
rElec   +          Harm     .   (no cloak)
rCorr   .          Rampage  .   (no gloves)
Will    .....                   (no boots)
Stlth   ..........              f - amulet of Cuecenk {Faith +Blink Will- Regen+ Int+8}
HPRegen 1.14/turn               h - ring of protection from cold
MPRegen 0.10/turn               (no ring)

@: no status effects
A: sickness immunity, AC +4, negative energy resistance 1, electricity
resistance, torment resistance 1, petrification resistance
a: Evoke Blink


You were on level 3 of the Dungeon.
You visited 2 branches of the dungeon, and saw 6 of its levels.

You collected 114 gold pieces.

Inventory:

Hand Weapons
 a - a +0 war axe (weapon)
Armour
 c - a +0 buckler (worn)
 i - a +0 chain mail (worn)
 j - a +2 helmet (worn)
Jewellery
 f - the amulet of Cuecenk (around neck) {Faith +Blink Will- Regen+ Int+8}
   (You acquired it on level 2 of the Dungeon)

   [amulet of faith]

   It allows you to gain divine favour quickly.
   Int:       It affects your intelligence (+8).
   +Blink:    It lets you blink.
   Regen:     It increases your rate of health regeneration.
   Will:      It decreases your willpower.
 h - a ring of protection from cold (left hand)
Wands
 p - a wand of paralysis (15)
Potions
 b - a potion of flight
 d - 3 potions of might
 e - a potion of lignification {unknown}
 g - 2 potions of curing
 k - a potion of degeneration {unknown}
 l - a potion of heal wounds {unknown}
 o - 2 potions of brilliance {unknown}


   Skills:
 + Level 4.9 Fighting
 + Level 5.2 Axes
 + Level 4.6 Armour
 + Level 4.4 Shields


You had 6 spell levels left.
You didn't know any spells.
Your spell library contained the following spells:

 Spells                   Type           Power      Damage    Failure   Level
 Gell's Gravitas          Tloc           0%         N/A       100%        3
 Lesser Beckoning         Tloc           0%         N/A       100%        3
 Teleport Other           Tloc           0%         N/A       100%        3


Dungeon Overview and Level Annotations

Branches:
Dungeon (5/15)             Temple (1/1) D:5

Altars:
Ashenzari
Cheibriados
Dithmenos
Fedhas
Gozag
Kikubaaqudgha
Nemelex Xobeh
Xom
Yredelemnul
The Shining One
Beogh


Innate Abilities, Weirdness & Mutations

You are immune to sickness and miasma.
Your stone body is resilient. (AC +4)
You are immune to poison.
You resist negative energy. (rN+)
You are resistant to electric shocks. (rElec)
You are resistant to unholy torment.
You are immune to petrification.


Message History

You block the orc priest's attack.
The orc priest hits you with a +0 short sword.
You barely miss the orc priest.
The orc priest is heavily wounded.
You hit the orc priest but do no damage.
The orc priest closely misses you.
The orc priest hits you with a +0 short sword.
Unknown command.
You hit the orc priest but do no damage.
The orc priest is heavily wounded.
You barely miss the orc priest.
The orc priest looks satisfied for a moment.
The orc priest hits you with a +0 short sword.
The orc priest hits you but does no damage.
Unknown command.
You barely miss the orc priest.
The orc priest is heavily wounded.
You hit the orc priest but do no damage.
The orc priest looks braver for a moment.
The orc priest invokes the aid of Beogh against you.
Pain shoots through your body!
The orc priest mumbles some strange prayers to Beogh against you.
Pain shoots through your body!
You closely miss the orc priest.
The orc priest is heavily wounded.
You hit the orc priest.
The orc priest calls down the wrath of Beogh upon you.
Beogh smites you! The orc priest barely misses you.
Unknown command.
You closely miss the orc priest.
The orc priest is heavily wounded.
You hit the orc priest.
The orc priest hits you but does no damage. x2
Unknown command.
You slash the orc priest!
You kill the orc priest!
You hit the orc priest.
The orc priest mumbles some strange prayers to Beogh against you.
Beogh smites you!
You die...

##### ##._.## #.8.8$# #.$...#
#.8.8.# #o))#### #@##..# #.....#
#####.# #.# #.# #. #.### ########
#.#. #...# #....... #.
.#.#.#.######## ###.###.....†.
.#.#...#.#.........#.....#.......


You could see an orc priest.

Vanquished Creatures
  A water moccasin (D:5)
  An ogre (D:5)
  A bullfrog zombie (D:5)
  2 orc priests (D:3)
  2 hounds (D:4)
  A jelly (D:4)
  A killer bee zombie (D:5)
  2 hound zombies (D:5)
  Robin (D:2)
  5 adders
  2 adder zombies (D:3)
  An adder skeleton (D:4)
  A worm (D:2)
  2 dart slugs
  5 orcs (D:3)
  7 bats
  3 endoplasms
  5 giant cockroaches
  17 goblins
  10 hobgoblins
  14 jackals (D:2)
  3 kobolds
  2 quokkas
  A ball python (D:3)
  A quokka zombie (D:3)
  7 rats
98 creatures vanquished.

Vanquished Creatures (others)
  A fungus (D:1)
  A withered plant (D:3)
2 creatures vanquished.

Grand Total: 100 creatures vanquished

Notes
Turn   | Place    | Note
-------+----------+-------------------------------------------
     0 | D:1      | bande the Gargoyle Fighter began the quest for the Orb.
     0 | D:1      | Reached XP level 1. HP: 14/14 MP: 1/1
    13 | D:1      | Found a faded altar of an unknown god.
   199 | D:1      | Reached XP level 2. HP: 16/19 MP: 2/2
   665 | D:2      | Identified a scroll of acquirement
   665 | D:2      | Acquired the amulet of Cuecenk {Faith +Blink Will- Regen+
                  | Int+8}
   792 | D:2      | Reached skill level 2 in Axes
   792 | D:2      | Reached XP level 3. HP: 24/24 MP: 3/3
   869 | D:2      | Noticed Robin
   880 | D:2      | Killed Robin
   881 | D:2      | Reached XP level 4. HP: 21/29 MP: 4/4
  1067 | D:2      | Reached skill level 3 in Axes
  1315 | D:3      | Reached XP level 5. HP: 31/33 MP: 5/5
  1462 | D:3      | You fall into a shaft and drop 2 floors!
  1462 | D:5      | Entered Level 5 of the Dungeon
  1475 | D:5      | Found a staircase to the Ecumenical Temple.
  1490 | Temple   | Entered the Ecumenical Temple
  1603 | D:5      | Noticed a water moccasin
  1624 | D:5      | Killed a water moccasin
  1625 | D:5      | Reached skill level 4 in Axes
  1625 | D:5      | Reached XP level 6. HP: 39/39 MP: 6/6
  1693 | D:5      | Reached XP level 7. HP: 36/44 MP: 7/7
  1796 | D:4      | Reached skill level 5 in Axes
  2026 | D:3      | Found an opulent altar of Gozag.
  2067 | D:3      | Killed from afar by an orc priest

Illustrated notes

Levels and vault maps discovered:
D:1:      dpeg_arrival_tiny_g, layout_basic, shapermc_ecumenical_altar_gd
D:2:      layout_rooms, minmay_circled_x, uniq_robin
D:3:      layout_basic, nicolae_gozag_cash_rules_everything_around_me,
          serial_undead, serial_undead_c, serial_undead_e, serial_undead_b,
          serial_undead_a, serial_undead_a, serial_undead_b,
          chequers_serial_rivers_large_a, kennysheep_orc_chapel
D:4:      cheibrodos_barr_body, layout_loops_ring,
          nicolae_qazlal_eye_of_the_storm, nicolae_ru_awakened_eye
D:5:      layout_loops_ring, nicolae_overflow_quartered_altars,
          minmay_temple_entry_mist, serial_shops, nicolae_take_the_stairs,
          corexii_hall_statues_deadend
Temple:   dpeg_three_leaves_temple

Skill      XL: |  1  2  3  4  5  6  7 |
---------------+----------------------+-----
Axes           | 2 3 4 5 |  5.2
Fighting       | 4 |  4.9
Armour         | 4 |  4.6
Shields        | 4 |  4.4

Action                   |  1- 3 |  4- 6 |  7- 9 || total
-------------------------+-------+-------+-------++-------
Melee: War axe           |   100 |   145 |    47 ||   292
  Use: Scroll            |     2 |     1 |     3 ||     6
Armor: Scale mail        |    52 |       |       ||    52
       Chain mail        |    19 |   129 |    21 ||   169
Dodge: Dodged            |    71 |    75 |    21 ||   167
Block: Buckler           |    32 |    48 |    12 ||    92

Table legend: (Time is in decaauts)
 A = Elapsed time spent in this place.
 B = Non-inter-level travel time spent in this place.
 C = Inter-level travel time spent in this place.
 D = Time resting spent in this place.
 E = Time spent auto-exploring this place.
 F = Levels seen in this place.
 G = Mean time per level.
                   A        B        C        D        E       F      G
               +--------+--------+--------+--------+--------+-----+--------+
         Total |   2181 |   2181 |      0 |      7 |   1366 |   6 |  363.5 |
       Dungeon |   2098 |   2098 |      0 |      7 |   1308 |   5 |  419.6 |
        Temple |     82 |     82 |      0 |      0 |     58 |   1 |   82.0 |
               +--------+--------+--------+--------+--------+-----+--------+

Top non-repeatable levels by time:
     D:1: 680 daAuts
     D:2: 641 daAuts
     D:3: 429 daAuts
     D:5: 189 daAuts
     D:4: 156 daAuts
  Temple: 82 daAuts
